 Dungeon Crawl Stone Soup version 0.30.0-15-g856e2d3f33 (webtiles) character file.

Game seed: 9488465976880664495

842 qw the Chopper (level 8, -6/49 HPs)
             Began as a Gargoyle Fighter on May 21, 2023.
             Mangled by an orc warrior
             ... wielding a +2 hand axe of venom
              (7 damage)
             ... on level 6 of the Dungeon.
             The game lasted 00:02:06 (4343 turns).

qw the Chopper (Gargoyle Fighter)                   Turns: 4343, Time: 00:02:06

Health: -6/49      AC: 15    Str: 20 (21) XL:     8   Next: 0%
Magic:  8/8        EV:  8    Int:  8 (10) God:
Gold:   104        SH:  4    Dex:  9      Spells: 7/7 levels left

rFire   . . .        Y - +2 war axe
rCold   . . .        c - +0 buckler
rNeg    + . .        h - +0 chain mail
rPois   inf          (no helmet)
rElec   +            k - +0 cloak
rCorr   .            (no gloves)
SInv    .            (no boots)
Will    .....        (no amulet) Stlth
                     (no ring)
HPRegen 0.28/turn    (no ring)
MPRegen 0.11/turn

%: no passive effects
@: no status effects
A: sickness immunity, AC +5, negative energy resistance 1, electricity
resistance, torment resistance 1, petrification resistance
a: no special abilities


You were on level 6 of the Dungeon.
You visited 1 branch of the dungeon, and saw 6 of its levels.

You collected 214 gold pieces.
You spent 110 gold pieces at shops.


Innate Abilities, Weirdness & Mutations

You are immune to sickness and miasma.
Your stone body is resilient. (AC +5)
You are immune to poison.
You resist negative energy. (rN+)
You are resistant to electric shocks. (rElec)
You are resistant to unholy torment.
You are immune to petrification.


   Skills:
 - Level 5.0 Fighting
 + Level 7.0 Axes
 - Level 1.6 Throwing
 - Level 3.2 Armour
 - Level 1.2 Dodging
 - Level 3.2 Shields


You had 7 spell levels left.
You didn't know any spells.
Your spell library was empty.

Inventory:

Hand Weapons
 l - a +0 flail
 Y - a +2 war axe (weapon)
Missiles
 f - 3 boomerangs (quivered)
Armour
 c - a +0 buckler (worn)
 h - a +0 chain mail (worn)
 k - a +0 cloak (worn)
 o - the +4 leather armour "Jeaxusoa" {-Tele rPois Regen+ Slay+5}
   (You found it on level 4 of the Dungeon)

   Slay:      It affects your accuracy & damage with ranged weapons and melee
   (+5).
   rPois:     It protects you from poison.
   -Tele:     It prevents most forms of teleportation.
   Regen:     It increases your rate of health regeneration.
Scrolls
 a - 5 scrolls of identify
Potions
 d - 2 potions of might
 e - 5 potions of curing
 j - a potion of attraction
 p - a potion of resistance

Dungeon Overview and Level Annotations

Branches:
Dungeon (6/15)
 Temple: D:4-7

Altars:
Sif Muna

Shops:
D:5 *

Portals:
Sewer: D:6

Annotations:
D:5 2 runed translucent doors, 2 transporters, qw's ghost, novice GrCA


Message History

The orc warrior hits you but does no damage.
You closely miss the orc warrior.
The orc warrior is heavily wounded.
You hit the centaur but do no damage. You barely miss the orc.
The centaur hits you.
The centaur kicks you but does no damage.
The orc warrior hits you but does no damage.
The orc hits you with a +0 hand axe.
The centaur hits you but does no damage.
The centaur kicks you but does no damage.
4338 ||| READING scroll of teleportation.
As you read the scroll of teleportation, it crumbles to dust.
You feel strangely unstable.
The centaur hits you but does no damage.
The centaur completely misses you. The orc warrior barely misses you.
The orc hits you but does no damage.
You hit the orc warrior but do no damage.
The orc warrior is heavily wounded.
You hit the centaur. You hit the orc.
The centaur hits you but does no damage.
The centaur kicks you but does no damage.
The orc warrior hits you but does no damage.
The orc barely misses you. The centaur misses you.
The centaur kicks you but does no damage.
You slash the orc!
You kill the orc!
You closely miss the centaur.
You hit the orc warrior but do no damage.
Your surroundings seem slightly different.
The centaur wields a +0 shortbow.
The centaur shoots an arrow.
The arrow hits you.
The centaur shoots an arrow.
The arrow closely misses you.
You are too injured to fight recklessly!
The centaur shoots an arrow.
The arrow hits you.
The centaur shoots an arrow.
The arrow barely misses you.
The orc warrior hits you with a +2 hand axe of venom.
The centaur shoots an arrow.
You block the arrow.
You hit the orc warrior.
The orc warrior is heavily wounded.
The orc warrior hits you with a +2 hand axe of venom!
You die...

#..........#
##.#.#.#..# #
#.#...#.<#
#.###.###...##
.....##....#
########..##.##.#
#
#.......c..#.##.#
.
#............#..#
## #....@o.)#..%#
# #~
#........###.# #~
#........# #..<
#~ #.?......#
#....# +.
#...............#
#~
#...........o...#
#~
#......#....#...#
#~ #............
##


You could see an orc warrior and a centaur.

Vanquished Creatures
  2 ice beasts (D:5)
  An ogre (D:5)
  A bullfrog (D:6)
  A scorpion (D:4)
  A hound (D:4)
  A gnoll bouda (D:6)
  4 iguanas
  2 orc wizards (D:5)
  8 gnolls
  4 adders (D:2)
  2 ufetubi
  3 worms
  2 dart slugs
  16 orcs
  11 bats
  3 endoplasms
  A giant cockroach (D:2)
  6 goblins
  4 hobgoblins
  5 jackals
  3 quokkas
  6 ball pythons
  4 frilled lizards
  4 kobolds
  8 rats
103 creatures vanquished.

Notes
Turn   | Place    | Note
-------+----------+-------------------------------------------
     0 | D:1      | qw the Gargoyle Fighter began the quest for the Orb.
     0 | D:1      | Reached XP level 1. HP: 14/14 MP: 1/1
     0 | D:1      | 0 ||| qw: Version: 0.2-a-98-g16b38d9
     0 | D:1      | 0 ||| qw: Game counter: 16
     0 | D:1      | 0 ||| qw: Always use a shield: true
     0 | D:1      | 0 ||| qw: God list: Okawaru
     0 | D:1      | 0 ||| qw: Allow faded altars: false
     0 | D:1      | 0 ||| qw: Do Orc after D:15 true
     0 | D:1      | 0 ||| qw: Do second Lair branch before Depths: true
     0 | D:1      | 0 ||| qw: Lair rune preference: random
     0 | D:1      | 0 ||| qw: Plans: Normal, Zot:1-4, God:TSO, Crypt, Tomb,
                  | Pan, Slime:5, Hells, Abyss, Win
     0 | D:1      | 0 ||| PLANNING D:1-11
   128 | D:1      | Reached skill level 2 in Axes
   404 | D:1      | Reached XP level 2. HP: 19/19 MP: 2/2
   450 | D:1      | 450 ||| DROPPING +0 club.
   461 | D:1      | 461 ||| Stepping ~*~*~tactically~*~*~ (hiding).
   463 | D:1      | 463 ||| Stepping ~*~*~tactically~*~*~ (hiding).
   466 | D:1      | Reached skill level 3 in Axes
   682 | D:1      | 682 ||| DROPPING ring of magical power.
   683 | D:1      | 683 ||| READING scroll labelled QAOBBERUGY.
   684 | D:1      | 684 ||| READING scroll labelled JOCWAIJ JANIPI.
   685 | D:1      | 685 ||| READING scroll labelled UJEKIE CAF GIUC.
   686 | D:1      | 686 ||| READING scroll labelled DOMASO WICI.
   687 | D:1      | 687 ||| READING scroll labelled WISYLEC NAFIM.
   690 | D:1      | 690 ||| DRINKING 4 puce potions.
   719 | D:2      | Reached XP level 3. HP: 23/23 MP: 3/3
   800 | D:2      | Reached XP level 4. HP: 28/28 MP: 4/4
   803 | D:2      | 803 ||| Stepping ~*~*~tactically~*~*~ (hiding).
   809 | D:2      | 809 ||| Stepping ~*~*~tactically~*~*~ (stealth).
   810 | D:2      | 810 ||| Stepping ~*~*~tactically~*~*~ (stealth).
   811 | D:2      | 811 ||| Stepping ~*~*~tactically~*~*~ (stealth).
   812 | D:2      | 812 ||| Stepping ~*~*~tactically~*~*~ (stealth).
   815 | D:2      | Reached skill level 4 in Axes
   829 | D:2      | 829 ||| Stepping ~*~*~tactically~*~*~ (stealth).
   895 | D:2      | You fall into a shaft and drop 2 floors!
   901 | D:4      | 901 ||| READING scroll labelled UGUEDGH DOAMP.
   902 | D:4      | 902 ||| DRINKING 2 sapphire potions.
   998 | D:3      | 998 ||| STAIRDANCE
  1302 | D:2      | 1302 ||| DRINKING 2 brown potions.
  1391 | D:3      | 1391 ||| Stepping ~*~*~tactically~*~*~ (hiding).
  1808 | D:3      | 1808 ||| Stepping ~*~*~tactically~*~*~ (stealth).
  1811 | D:3      | 1811 ||| Stepping ~*~*~tactically~*~*~ (stealth).
  1815 | D:3      | 1815 ||| Stepping ~*~*~tactically~*~*~ (stealth).
  1816 | D:3      | 1816 ||| Stepping ~*~*~tactically~*~*~ (stealth).
  2071 | D:3      | 2071 ||| UPGRADING to +0 cloak.
  2076 | D:3      | 2076 ||| READING 5 scrolls of identify.
  2076 | D:3      | 2076 ||| IDENTIFYING cyan potion
  2077 | D:3      | 2077 ||| DROPPING potion of flight.
  2158 | D:4      | Reached XP level 5. HP: 32/32 MP: 5/5
  2170 | D:4      | Reached skill level 5 in Axes
  2183 | D:4      | 2183 ||| Stepping ~*~*~tactically~*~*~ (hiding).
  2270 | D:4      | Identified the +4 leather armour "Jeaxusoa" {-Tele rPois
                  | Regen+ Slay+5}
  2474 | D:4      | Reached XP level 6. HP: 32/39 MP: 6/6
  2584 | D:4      | 2584 ||| UPGRADING to +0 chain mail.
  2594 | D:4      | 2594 ||| DROPPING +0 scale mail.
  2595 | D:4      | 2595 ||| READING scroll labelled ISMEFAKUOG.
  2596 | D:4      | 2596 ||| READING scroll labelled RARAOFE IPHY.
  2597 | D:4      | 2597 ||| DRINKING 3 dark potions.
  2598 | D:4      | 2598 ||| READING 4 scrolls of identify.
  2598 | D:4      | 2598 ||| IDENTIFYING white potion
  2599 | D:4      | 2599 ||| READING 3 scrolls of identify.
  2599 | D:4      | 2599 ||| IDENTIFYING amethyst potion
  2600 | D:4      | 2600 ||| DROPPING 2 potions of brilliance.
  2601 | D:4      | 2601 ||| DROPPING potion of ambrosia.
  2609 | D:5      | Entered Level 5 of the Dungeon
  2614 | D:5      | Found Teparr's Assorted Antiques.
  2623 | D:5      | 2623 ||| BUYING 2 clear potions (52 gold).
  2623 | D:5      | Bought 2 clear potions for 52 gold pieces
  2623 | D:5      | 2623 ||| BUYING 2 scrolls labelled NEDEUN ZUZA (58 gold).
  2623 | D:5      | Bought 2 scrolls labelled NEDEUN ZUZA for 58 gold pieces
  2623 | D:5      | 2623 ||| SHOPLISTING curved copper wand (116 gold, have
                  | 51).
  2633 | D:5      | Found a large runed translucent door.
  2633 | D:5      | Found a large runed translucent door.
  2700 | D:5      | Noticed qw's ghost (novice GrCA)
  2701 | D:5      | Found a transporter.
  2704 | D:5      | Identified the +4 giant spiked club of Patterns {speed,
                  | rCorr Str+4 Int+3}
  2782 | D:5      | Noticed an ice beast
  2782 | D:5      | Noticed an ice beast
  2786 | D:5      | Killed an ice beast
  2794 | D:5      | Killed an ice beast
  2795 | D:5      | Reached skill level 6 in Axes
  2871 | D:5      | 2871 ||| Stepping ~*~*~tactically~*~*~ (stealth).
  2872 | D:5      | Found a shimmering blue altar of Sif Muna.
  2885 | D:5      | Reached XP level 7. HP: 27/44 MP: 7/7
  2949 | D:5      | 2949 ||| Stepping ~*~*~tactically~*~*~ (hiding).
  2958 | D:5      | 2958 ||| DRINKING 6 potions of curing.
  2958 | D:5      | 2958 ||| (to cure confusion)
  2964 | D:5      | Reached skill level 1 in Dodging
  3242 | D:5      | 3242 ||| Stepping ~*~*~tactically~*~*~ (stealth).
  3260 | D:5      | HP: 9/44 [ogre/+0 giant club (17)]
  3261 | D:5      | 3261 ||| READING 3 scrolls of teleportation.
  3262 | D:5      | 3262 ||| DRINKING potion of heal wounds.
  3576 | D:5      | Found a transporter.
  3803 | D:5      | 3803 ||| READING scroll labelled FUOZEO QI TUY.
  3804 | D:5      | 3804 ||| READING 2 scrolls labelled NEDEUN ZUZA.
  3805 | D:5      | 3805 ||| READING scroll labelled BIV FETOKABEV.
  3835 | D:5      | 3835 ||| DRINKING 2 clear potions.
  3836 | D:5      | 3836 ||| DROPPING potion of degeneration.
  3837 | D:5      | 3837 ||| DROPPING scroll of fear.
  3871 | D:6      | 3871 ||| PLANNING OSSUARY
  3890 | D:6      | 3890 ||| Stepping ~*~*~tactically~*~*~ (stealth).
  3917 | D:6      | HP: 9/44 [gnoll/+1 spear of distortion[a gnoll bouda] (4)]
  3918 | D:6      | 3918 ||| READING 2 scrolls of teleportation.
  3919 | D:6      | Found a glowing drain.
  3954 | D:6      | 3954 ||| Stepping ~*~*~tactically~*~*~ (hiding).
  3957 | D:6      | 3957 ||| Stepping ~*~*~tactically~*~*~ (hiding).
  3974 | D:6      | 3974 ||| Stepping ~*~*~tactically~*~*~ (stealth).
  3980 | D:6      | 3980 ||| Stepping ~*~*~tactically~*~*~ (stealth).
  3993 | D:6      | 3993 ||| Stepping ~*~*~tactically~*~*~ (stealth).
  4000 | D:6      | Reached skill level 7 in Axes
  4099 | D:6      | 4099 ||| Stepping ~*~*~tactically~*~*~ (stealth).
  4111 | D:6      | 4111 ||| READING scroll of enchant weapon.
  4111 | D:6      | 4111 ||| ENCHANTING +1 war axe.
  4266 | D:6      | 4266 ||| Stepping ~*~*~tactically~*~*~ (hiding).
  4306 | D:6      | Reached skill level 1 in Throwing
  4319 | D:6      | 4319 ||| Stepping ~*~*~tactically~*~*~ (stealth).
  4320 | D:6      | 4320 ||| Stepping ~*~*~tactically~*~*~ (stealth).
  4325 | D:6      | 4325 ||| Stepping ~*~*~tactically~*~*~ (stealth).
  4326 | D:6      | 4326 ||| Stepping ~*~*~tactically~*~*~ (stealth).
  4335 | D:6      | Reached XP level 8. HP: 23/49 MP: 8/8
  4337 | D:6      | HP: 7/49 [orc/+0 hand axe (6)]
  4338 | D:6      | 4338 ||| READING scroll of teleportation.
  4341 | D:6      | HP: 3/49 [centaur/arrow (3)]
  4342 | D:6      | HP: 1/49 [orc warrior/+2 hand axe of venom (3)]
  4343 | D:6      | Mangled by an orc warrior

Levels and vault maps discovered:
D:1:      mrwooster_arrival_statue, layout_basic, serial_bayou_lagoon_a,
          minmay_misc_feat_plants
D:2:      layout_rooms, nicolae_half_adder
D:3:      layout_basic, wander_ebering_terrifying_dragon_lair
D:4:      layout_cave_pools, uniq_crazy_yiuf_cottage
D:5:      layout_loops_corners, lemuel_tele_altar, jmf_multi_god_temple2,
          serial_shops, nicolae_shop_tiny_statue_garden, gammafunk_ghost_smash
D:6:      layout_basic, cheibrodos_sewer_entry_sluice,
          nicolae_ossuary_entry_catacombs, skrybe_limestone_x,
          kennysheep_generic_room_10

Skill      XL: |  1  2  3  4  5  6  7 |
---------------+----------------------+-----
Axes           | 2 3 4 5 6 7 |  7.0
Fighting       | 4 5 |  5.0
Dodging        | 1 |  1.2
Throwing       | 1 |  1.6
Armour         | |  3.2
Shields        | |  3.2

Action                     |  1- 3 |  4- 6 |  7- 9 || total
---------------------------+-------+-------+-------++-------
  Melee: War axe           |    56 |   118 |   127 ||   301
  Throw: Boomerang         |    25 |    65 |    40 ||   130
    Use: Scroll            |     5 |     6 |     7 ||    18
         Potion            |     1 |     3 |     3 ||     7
 Armour: Scale mail        |    30 |    53 |       ||    83
         Chain mail        |       |     6 |    70 ||    76
  Dodge: Dodged            |    28 |    48 |    49 ||   125
  Block: Buckler           |    14 |    21 |    27 ||    62

Table legend:
 A = Non-vault XP
 B = Vault XP
 C = Vault XP percentage of total XP
 D = Non-vault monster count
 E = Vault monster count
 F = Vault count percentage of total count
                 A         B        C        D         E       F
            +---------+---------+-------+---------+---------+-------
      Total |    1163 |      40 |   3.3 |      96 |       7 |   6.8
            +---------+---------+-------+---------+---------+-------
        D:1 |      33 |       0 |   0.0 |      13 |       0 |   0.0
        D:2 |      59 |      27 |  31.4 |      22 |       2 |   8.3
        D:3 |      29 |       1 |   3.3 |      17 |       1 |   5.6
        D:4 |     200 |       0 |   0.0 |      13 |       0 |   0.0
        D:5 |     549 |       0 |   0.0 |      13 |       0 |   0.0
        D:6 |     293 |      12 |   3.9 |      18 |       4 |  18.2
            +---------+---------+-------+---------+---------+-------
